 Dungeon Crawl Stone Soup version 0.20.1-1-g8b1a95d (webtiles) character file.

2402 dstrtn the Cleaver (level 9, -14/103 HPs)
             Began as a Human Artificer on Sept 25, 2017.
             Was a Follower of Yredelemnul.
             Killed by divine providence
             ... invoked by an orc priest
              (17 damage)
             ... on level 5 of the Dungeon.
             The game lasted 00:41:45 (6917 turns).

dstrtn the Cleaver (Human Artificer)                Turns: 6917, Time: 00:41:46

Health: -14/103    AC: 24    Str: 22    XL:     9   Next: 75%
Magic:  11/11      EV:  2    Int: 13    God:    Yredelemnul [*.....]
Gold:   392        SH:  5    Dex: 15    Spells: 6/8 levels left

rFire    . . .     SeeInvis .   a - +0 war axe
rCold    . . .     Gourm    .   w - +0 buckler
rNeg     + + +     Faith    .   (armour currently unavailable)
rPois    +         Spirit   .   (helmet currently unavailable)
rElec    .         Reflect  .   (cloak currently unavailable)
rCorr    .         Harm     .   (gloves currently unavailable)
MR       .....     NoTele   +   (boots currently unavailable)
Stlth    ++........             (no amulet)
Regen    0.3/turn               y - +6 ring of evasion
MPRegen  0.2/turn               (no ring)

@: mighty, lethally poisoned (-14 -> -31), tree-form, hasted, very quick
A: clever 1, strong 1
a: Animate Remains, Renounce Religion


You were on level 5 of the Dungeon.
You worshipped Yredelemnul.
Yredelemnul was aware of your devotion.
You were hungry.
You were a tree.
You visited 2 branches of the dungeon, and saw 7 of its levels.

You collected 392 gold pieces.

Inventory:

Hand Weapons
 a - a +0 war axe (weapon)
 b - a +0 hunting sling
Missiles
 h - 36 sling bullets
 i - 45 bolts
 j - 105 stones (quivered)
 q - 121 arrows
Armour
 n - a +0 plate armour
 t - a +1 scale mail (melded)
 w - a +0 buckler (worn)
 D - a +0 cloak (melded)
 E - the +4 scale mail of the Other Side {MR+ Regen+ Int+4, unknown}
   (You took it off an orc priest on level 6 of the Dungeon)

   It affects your intelligence (+4).
   It affects your resistance to hostile enchantments.
   It increases your rate of regeneration.
Jewellery
 y - a +6 ring of evasion (left branch)
Wands
 d - a wand of enslavement (0/24)
 e - a wand of random effects (9/48)
 g - a wand of iceblast (0/15)
 o - a wand of polymorph (9/24)
 B - a wand of polymorph (3/24)
 C - a wand of digging (7/24)
Scrolls
 x - a scroll of enchant armour
Potions
 u - a potion of haste
 A - a potion of ambrosia {unknown}
Books
 c - a book of Minor Magic

   Spells                             Type                      Level
   a - Magic Dart                     Conjuration                  1
   b - Blink                          Translocation                2
   c - Call Imp                       Summoning                    2
   d - Slow                           Hexes                        2
   e - Conjure Flame                  Conjuration/Fire             3
   f - Mephitic Cloud                 Conjuration/Poison/Air       3
Comestibles
 f - 3 bread rations
 p - 3 meat rations


   Skills:
 + Level 6.2 Fighting
   Level 1.0 Short Blades
 * Level 8.6 Axes
 - Level 4.0 Armour
 - Level 2.0 Dodging
 - Level 1.0 Stealth
 - Level 4.5 Shields
 - Level 3.0 Evocations


You had 6 spell levels left.
You knew the following spells:

 Your Spells              Type           Power        Failure   Level  Hunger
a - Blink                 Tloc           N/A          43%         2    ###....


Dungeon Overview and Level Annotations

Branches:
Dungeon (6/15)             Temple (1/1) D:6

Altars:
Ashenzari
Dithmenos
Fedhas
Kikubaaqudgha
Makhleb
Nemelex Xobeh
Ru
Sif Muna
Trog
Uskayaw
Vehumet
Xom
Yredelemnul
Zin
Lugonu

Annotations:
D:3 2 transporters
D:5 Sigmund
D:6 exclusion: upstairs


Innate Abilities, Weirdness & Mutations

((You have sharp toenails.))
Your mind is acute. (Int +2)
Your muscles are strong. (Str +2)


Message History

You feel sick.
The orc priest begins to cast a cantrip, but forgets the words!
It was a potion of lignification.
You turn into a tree.
Your +0 cloak melds into your body.
Your +1 scale mail melds into your body.
Your roots penetrate the ground.
* * * LOW HITPOINT WARNING * * *
You feel sick. You block the orc priest's attack.
You closely miss the orc priest.
The orc priest is almost dead.
* * * LOW HITPOINT WARNING * * *
You feel sick.
You hit the orc priest.
The orc priest is almost dead.
* * * LOW HITPOINT WARNING * * *
You feel sick.
The orc priest calls down the wrath of Beogh upon you.
Beogh smites you!
You die...
Your body rises from the dead as a mindless zombie.

................# .....
...............#.## ....
...............##.##....
...............#.......
..............##...(.#
.............##....(.#
............##......###
...........###.)o.)...###
..[.......###..)♣........#
###.<....###....>.........
####..## #....≈.........
### ####...........
##(......... ###........
###...... #####


You could see an orc priest.

Vanquished Creatures
  Pikel (D:6)
  Grinder (D:6)
  Eustachio (D:6)
  Menkaure (D:5)
  2 sky beasts
  2 centaurs (D:5)
  2 ogres
  5 wights (D:6)
  2 howler monkeys
  A crimson imp (D:4)
  6 orc priests
  2 hounds (D:5)
  4 orc wizards
  2 worker ants
  A hound skeleton (D:5)
  3 gnolls
  8 adders
  A shadow imp (D:6)
  2 oozes
  An adder skeleton (D:4)
  3 dart slugs
  A leopard gecko (D:4)
  26 orcs
  2 ball pythons
  9 giant cockroaches
  7 hobgoblins
  10 jackals
  A kobold (D:1)
  4 quokkas
  14 bats
  4 frilled lizards
  A giant cockroach zombie (D:4)
  7 goblins
  A jackal skeleton (D:3)
  5 rats
143 creatures vanquished.

Vanquished Creatures (collateral kills)
  An orc priest (D:5)
  A hound (D:6)
  2 orc wizards
  An orc (D:3)
  A kobold (D:2)
  A rat (D:1)
7 creatures vanquished.

Vanquished Creatures (others)
  A slave (D:6)
  An orc warrior (D:5)
  An ogre (D:4)
  A hound (D:6)
  An orc priest (D:4)
  A giant cockroach (D:2)
  A rat (D:2)
7 creatures vanquished.

Grand Total: 157 creatures vanquished

Notes
Turn   | Place    | Note
-------+----------+-------------------------------------------
     0 | D:1      | dstrtn the Human Artificer began the quest for the Orb.
     0 | D:1      | Reached XP level 1. HP: 15/15 MP: 3/3
   171 | D:1      | Reached XP level 2. HP: 22/22 MP: 4/4
   668 | D:1      | Reached XP level 3. HP: 20/28 MP: 5/5
  1415 | D:2      | Reached skill level 1 in Axes
  1430 | D:2      | Reached XP level 4. HP: 34/35 MP: 6/6
  1786 | D:2      | Reached skill level 2 in Axes
  2247 | D:2      | Found a radiant altar of Vehumet.
  2527 | D:3      | Found a transporter.
  2528 | D:3      | Noticed a kobold demonologist
  2596 | D:3      | Found a shimmering altar of Xom.
  2657 | D:3      | Found a transporter.
  2738 | D:2      | Reached XP level 5. HP: 38/41 MP: 7/7
  2991 | D:3      | Reached skill level 3 in Axes
  3347 | D:3      | Reached XP level 6. HP: 47/47 MP: 8/8
  3433 | D:3      | Reached skill level 4 in Axes
  3490 | D:3      | Found a bloodstained altar of Trog.
  3571 | D:4      | Noticed an ogre
  3572 | D:4      | Noticed an ogre
  4175 | D:4      | Reached skill level 5 in Axes
  4212 | D:4      | Reached XP level 7. HP: 54/54 MP: 9/9
  4908 | D:5      | Entered Level 5 of the Dungeon
  5012 | D:4      | Reached skill level 6 in Axes
  5097 | D:5      | Found a deep blue altar of Sif Muna.
  5105 | D:5      | Noticed Menkaure
  5109 | D:5      | Killed Menkaure
  5127 | D:5      | Found a glowing silver altar of Zin.
  5163 | D:5      | Reached XP level 8. HP: 49/61 MP: 10/10
  5280 | D:5      | Found a sacrificial altar of Ru.
  5280 | D:5      | Found a basalt altar of Yredelemnul.
  5284 | D:5      | Became a worshipper of Yredelemnul the Dark
  5388 | D:5      | Learned a level 2 spell: Blink
  5573 | D:5      | Noticed Sigmund
  5574 | D:5      | Reached skill level 1 in Armour
  5653 | D:6      | Found a shadowy altar of Dithmenos.
  5680 | D:6      | Noticed Grinder
  5693 | D:6      | Killed Grinder
  5747 | D:6      | Found a staircase to the Ecumenical Temple.
  5831 | D:6      | Reached skill level 5 in Fighting
  5867 | Temple   | Entered the Ecumenical Temple
  5982 | D:5      | Reached XP level 9. HP: 60/68 MP: 11/11
  6011 | D:5      | Reached skill level 7 in Axes
  6188 | D:6      | Noticed Pikel
  6220 | D:6      | Killed Pikel
  6220 | D:6      | Reached skill level 8 in Axes
  6305 | D:6      | Noticed Eustachio
  6388 | D:6      | Killed Eustachio
  6810 | D:6      | Reached * piety under Yredelemnul
  6817 | D:6      | Got a spiked scale mail
  6914 | D:5      | Gained mutation: You have sharp toenails. [potion of mutation]
  6914 | D:5      | Gained mutation: Your muscles are strong. (Str +2) [potion of mutation]
  6914 | D:5      | Gained mutation: Your mind is acute. (Int +2) [potion of mutation]
  6915 | D:5      | HP: 5/103 [poisoned by an orc priest]
  6917 | D:5      | Killed from afar by an orc priest

Skill      XL: |  1  2  3  4  5  6  7  8  9 |
---------------+----------------------------+-----
Fighting       | 2 3 4 5 6 |  6.2
Axes           | 1 2 3 5 6 8 |  8.6
Shields        | 2 4 |  4.5
Armour         | 3 4 |  4.0
Short Blades   | |  1.0
Dodging        | |  2.0
Stealth        | |  1.0
Evocations     | |  3.0

Action                   |  1- 3 |  4- 6 |  7- 9 || total
-------------------------+-------+-------+-------++-------
Melee: Short sword       |    83 |       |       ||    83
       Hand axe          |    19 |   262 |   102 ||   383
       War axe           |       |       |   208 ||   208
 Fire: Hunting sling     |       |       |    11 ||    11
Throw: Stone             |     6 |       |     1 ||     7
Evoke: Wand              |    10 |    18 |    21 ||    49
  Use: Scroll            |       |     7 |     5 ||    12
       Potion            |       |     1 |     6 ||     7
 Stab: Sleeping          |     1 |       |       ||     1
  Eat: Chunk             |     2 |     8 |     5 ||    15
       Fruit             |       |     1 |     2 ||     3
       Royal jelly       |       |       |     1 ||     1
Armor: Leather armour    |    31 |    22 |       ||    53
       Scale mail        |       |    64 |    81 ||   145
Dodge: Dodged            |    75 |   205 |   239 ||   519
Block: Buckler           |       |       |    67 ||    67
